 Dungeon Crawl Stone Soup version 0.20.1-1-g8b1a95d (webtiles) character file.

999 Heskey the Skirmisher (level 8, -12/78 HPs)
             Began as a Naga Fighter on Nov 2, 2017.
             Was an Initiate of Cheibriados.
             Mangled by an ogre
             ... wielding a cursed +0 giant club
              (22 damage)
             ... on level 6 of the Dungeon.
             The game lasted 00:11:53 (5801 turns).

Heskey the Skirmisher (Naga Fighter)                Turns: 5801, Time: 00:11:54

Health: -12/78     AC:  9    Str: 21    XL:     8   Next: 19%
Magic:  8/8        EV:  6    Int: 10    God:    Cheibriados [......]
Gold:   276        SH: 10    Dex: 12    Spells: 7/7 levels left

rFire    . . .     SeeInvis +   a - +0 trident
rCold    . . .     Gourm    .   c - +0 shield
rNeg     . . .     Faith    .   b - +0 scale mail
rPois    +         Spirit   .   m - +0 helmet
rElec    .         Reflect  .   (no cloak)
rCorr    .         Harm     .   v - +0 pair of gloves
MR       +....                  (no barding)
Stlth    ..........             k - amulet of magic regeneration
Regen    0.3/turn               (no ring)
MPRegen  0.2/turn               (no ring)

@: very slow
A: see invisible, deformed body, poison resistance, slowness 2, slow metabolism
1, spit poison 1, AC +2
a: Spit Poison, Bend Time, Renounce Religion


You were on level 6 of the Dungeon.
You worshipped Cheibriados.
Cheibriados was noncommittal.
You were not hungry.

You visited 2 branches of the dungeon, and saw 7 of its levels.

You collected 276 gold pieces.

Inventory:

Hand Weapons
 a - a +0 trident (weapon)
Missiles
 p - 5 tomahawks (quivered)
Armour
 b - a +0 scale mail (worn)
 c - a +0 shield (worn)
 m - a +0 helmet (worn)
 t - a +0 plate armour
 v - a +0 pair of gloves (worn)
Jewellery
 k - an amulet of magic regeneration (around neck)
 s - an uncursed ring of poison resistance {unknown}
 C - an uncursed ring of positive energy {unknown}
Wands
 o - a wand of confusion (25/48)
Scrolls
 d - a scroll of enchant weapon {unknown}
 g - 8 scrolls of remove curse {unknown}
 h - 3 scrolls of identify {unknown}
 q - 2 scrolls of teleportation {unknown}
 y - a scroll of blinking {unknown}
 z - a scroll of amnesia {unknown}
 B - a scroll of recharging {unknown}
Potions
 e - 2 potions of flight {unknown}
 i - 3 potions of haste {unknown}
 j - a potion of curing {unknown}
 l - 2 potions of mutation {unknown}
 r - 3 potions of brilliance {unknown}
 u - a potion of degeneration {unknown}
 x - a potion of ambrosia {unknown}
 A - a potion of cancellation {unknown}
 D - a potion of heal wounds {unknown}
Comestibles
 f - 5 bread rations
 n - 5 meat rations
 w - 3 royal jellies


   Skills:
 * Level 6.9 Fighting
 + Level 3.1 Polearms
 + Level 4.4 Armour
 + Level 4.4 Shields


You had 7 spell levels left.
You didn't know any spells.

Dungeon Overview and Level Annotations

Branches:
Dungeon (6/15)             Temple (1/1) D:5

Altars:
Cheibriados
Elyvilon
Fedhas
Hepliaklqana
Kikubaaqudgha
Makhleb
Nemelex Xobeh
Okawaru
Ru
Sif Muna
Trog
Uskayaw
Xom
Yredelemnul
Zin

Shops:
D:4 %


Innate Abilities, Weirdness & Mutations

You cannot wear boots.
Your serpentine skin is tough. (AC +2)
You have supernaturally acute eyesight. (SInv)
Armour fits poorly on your strangely shaped body.
Your system is resistant to poisons. (rPois)
You cover ground very slowly.
You have a slow metabolism.
You can spit poison.


Message History

The ogre is heavily wounded.
You block the ogre's attack.
You hit the ogre.
The ogre is severely wounded.
The ogre hits you with a giant club!!
* * * LOW HITPOINT WARNING * * *
You hit the ogre.
The ogre is almost dead.
The ogre barely misses you.
You hit the ogre.
The ogre is almost dead.
The ogre hits you with a giant club.
* * * LOW HITPOINT WARNING * * *
Your shield and scale mail prevent you from hitting the ogre.
The ogre is almost dead.
You block the ogre's attack.
You barely miss the ogre.
The ogre is almost dead.
The ogre hits you with a giant club!!
You die...

##.##
#.# #.#
#.# #.#
#.# #.#
#.#
######.#
#.#
#......#
#.#
#.######
#># #.#
#.#
######.#
#@#
....##.#
#O#
....##.#
#.#
.......#
#.#
....####
#.#
....#
#.#
#รท###
#.# #.#
#.. #.#
###.


You could see an ogre.

Vanquished Creatures
  Grinder (D:6)
  A black bear (D:6)
  An ogre (D:4)
  5 crimson imps
  A centaur skeleton (D:5)
  2 hounds
  An orc priest (D:5)
  2 orc wizards
  4 worker ants
  The ghost of letownia2 the Grave Robber, a weakling DDNe (D:4)
  A hound zombie (D:5)
  5 adders
  A gnoll (D:4)
  2 shadow imps (D:5)
  An ooze (D:1)
  An adder skeleton (D:4)
  An adder zombie (D:5)
  A worm (D:3)
  3 leopard geckos
  13 orcs
  2 ball pythons
  6 giant cockroaches
  4 goblins
  3 hobgoblins
  3 jackals (D:6)
  3 quokkas
  5 bats
  7 frilled lizards
  A jackal skeleton (D:5)
  12 kobolds
  5 rats
99 creatures vanquished.

Notes
Turn   | Place    | Note
-------+----------+-------------------------------------------
     0 | D:1      | Heskey the Naga Fighter began the quest for the Orb.
     0 | D:1      | Reached XP level 1. HP: 21/21 MP: 1/1
    85 | D:1      | Reached XP level 2. HP: 14/28 MP: 2/2
  1060 | D:2      | Reached XP level 3. HP: 21/34 MP: 3/3
  2302 | D:3      | Noticed a hand axe
  2305 | D:3      | Found a hide-covered altar of Uskayaw.
  2305 | D:3      | Noticed a dagger
  2370 | D:3      | Reached XP level 4. HP: 35/44 MP: 4/4
  2372 | D:3      | Reached skill level 4 in Fighting
  2602 | D:3      | Found a faded altar of an unknown god.
  2908 | D:3      | Reached XP level 5. HP: 51/51 MP: 5/5
  3093 | D:4      | Found Yzuxkeu's Food Shoppe.
  3215 | D:4      | Noticed an ogre
  3218 | D:4      | Noticed letownia2's ghost (weakling DDNe)
  3220 | D:4      | Killed an ogre
  3220 | D:4      | Reached skill level 5 in Fighting
  3220 | D:4      | Reached XP level 6. HP: 39/61 MP: 6/6
  3225 | D:5      | Entered Level 5 of the Dungeon
  3796 | D:4      | Found a shimmering altar of Xom.
  3891 | D:4      | Killed letownia2's ghost
  4120 | D:4      | Reached XP level 7. HP: 55/68 MP: 7/7
  4355 | D:5      | Found a staircase to the Ecumenical Temple.
  4367 | Temple   | Entered the Ecumenical Temple
  4439 | Temple   | Became a worshipper of Cheibriados the Contemplative
  4541 | D:5      | Found an iron altar of Okawaru.
  4542 | D:5      | Found a bloodstained altar of Trog.
  4682 | D:5      | Reached skill level 6 in Fighting
  5029 | D:5      | Found a sacrificial altar of Ru.
  5050 | D:5      | Found an ancient bone altar of Kikubaaqudgha.
  5219 | D:6      | Noticed Grinder
  5227 | D:6      | Paralysed by Grinder for 3 turns
  5236 | D:6      | Paralysed by Grinder for 3 turns
  5242 | D:6      | Killed Grinder
  5242 | D:6      | Reached XP level 8. HP: 42/78 MP: 8/8
  5801 | D:6      | Mangled by an ogre

Skill      XL: |  1  2  3  4  5  6  7  8 |
---------------+-------------------------+-----
Fighting       | 4 5 6 |  6.9
Shields        | 3 4 |  4.4
Armour         | 3 4 |  4.4
Polearms       | 3 |  3.1

Action                   |  1- 3 |  4- 6 |  7- 9 || total
-------------------------+-------+-------+-------++-------
Melee: Trident           |   157 |   222 |   179 ||   558
Throw: Tomahawk          |     2 |       |     2 ||     4
 Abil: Spit Poison       |     1 |       |     1 ||     2
  Use: Potion            |     1 |       |       ||     1
  Eat: Chunk             |     2 |     3 |     1 ||     6
       Royal jelly       |     1 |       |       ||     1
       Fruit             |       |     2 |       ||     2
       Meat ration       |       |       |     1 ||     1
Armor: Scale mail        |    58 |    70 |    94 ||   222
Dodge: Dodged            |    29 |    43 |    45 ||   117
Block: Shield            |    56 |    93 |    75 ||   224
